 Dungeon Crawl Stone Soup version 0.32-a0-876-gcfddb08e57 (webtiles) character file.

Game seed: 3572469833990626243

970 601d51SH the Shield-Bearer (level 8, 0/64 (67) HPs)
             Began as a Gnoll Fighter on Mar 31, 2024.
             Succumbed to a crimson imp's poison
             ... on level 5 of the Dungeon.
             The game lasted 00:08:48 (3448 turns).

601d51SH the Shield-Bearer (Gnoll Fighter)          Turns: 3448, Time: 00:08:49

HP:   0/64 (67)     AC: 14    Str: 19    XL:     8   Next: 16%
MP:   21/21         EV: 10    Int:  7    God:
Gold: 218           SH:  5    Dex: 11    Spells: 13/13 levels left

rFire   . . .        r - +2 flail (protect)
rCold   . . .        c - +0 buckler
rNeg    . . .        m - +0 ring mail {rPois}
rPois   +            o - +0 helmet
rElec   .            (no cloak)
rCorr   .            (no gloves)
SInv    .            (no boots)
Will    .....        (no amulet)
Stlth   +            e - ring of magical power
HPRegen 0.30/turn    (no ring)
MPRegen 0.17/turn

%: no passive effects
@: lethally poisoned (0 -> -1), under a protective aura, lightly drained
A: fangs 1, strong nose, distributed training
a: no special abilities


You were on level 5 of the Dungeon.
You visited 1 branch of the dungeon, and saw 5 of its levels.

You collected 314 gold pieces.
You spent 96 gold pieces at shops.

Inventory:

Hand Weapons
 a - a +0 war axe
 r - a +2 flail of protection (weapon)
Missiles
 h - 6 silver javelins (quivered)
Armour
 b - a +0 scale mail
 c - a +0 buckler (worn)
 m - a +0 ring mail of poison resistance (worn)
 o - a +0 helmet (worn)
 C - a +0 pair of gloves
Jewellery
 e - a ring of magical power (left hand)
 n - an amulet of faith
Wands
 p - a wand of warping (11)
 t - a wand of digging (6)
Scrolls
 g - a scroll of enchant armour {unknown}
 j - a scroll of revelation
 q - 3 scrolls of teleportation
 s - a scroll of blinking
 v - a scroll of vulnerability {unknown}
 w - a scroll of identify {unknown}
 x - a scroll of immolation {unknown}
 y - a scroll of fear {unknown}
 A - a scroll of silence {unknown}
 B - a scroll of fog
Potions
 d - a potion of might
 f - 2 potions of heal wounds {unknown}
 i - 3 potions of degeneration
 k - a potion of curing
 l - a potion of brilliance
 u - 2 potions of enlightenment {unknown}
 z - 2 potions of mutation {unknown}


   Skills:
 + Level 7.3 Fighting
 + Level 3.1 Short Blades
 + Level 3.1 Long Blades
 + Level 5.6 Axes
 + Level 3.1 Maces & Flails
 + Level 3.1 Polearms
 + Level 3.1 Staves
 + Level 3.1 Ranged Weapons
 + Level 3.1 Throwing
 + Level 7.3 Armour
 + Level 3.1 Dodging
 + Level 3.1 Stealth
 + Level 7.3 Shields
 + Level 3.1 Unarmed Combat
 + Level 3.1 Spellcasting
 + Level 2.5 Conjurations
 + Level 2.5 Hexes
 + Level 2.5 Summonings
 + Level 2.5 Necromancy
 + Level 2.5 Translocations
 + Level 2.5 Fire Magic
 + Level 2.5 Ice Magic
 + Level 2.5 Air Magic
 + Level 2.5 Earth Magic
 + Level 2.5 Alchemy
 + Level 3.4 Invocations
 + Level 3.1 Evocations
 + Level 2.8 Shapeshifting


You had 13 spell levels left.
You didn't know any spells.
Your spell library was empty.

Dungeon Overview and Level Annotations

Branches:
Dungeon (5/15)             Temple (0/1) D:5

Altars:
Kikubaaqudgha
Nemelex Xobeh
Trog
Xom
Zin

Shops:
D:1 !   D:2 [


Innate Abilities, Weirdness & Mutations

You have very sharp teeth.
Your uncanny sense of smell can sniff out nearby items.
Your experience applies equally to all skills.


Message History

You bite the crimson imp, but do no damage.
The crimson imp is severely wounded.
The crimson imp barely misses you.
The crimson imp hits you but does no damage.
You feel drained.
You closely miss the crimson imp.
You bite the crimson imp, but do no damage.
The crimson imp is heavily wounded.
The crimson imp hits you but does no damage. x2
You barely miss the crimson imp. Your bite misses the crimson imp.
The crimson imp is moderately wounded.
The crimson imp completely misses you.
The crimson imp hits you but does no damage.
You are lethally poisoned!
You closely miss the crimson imp.
The crimson imp is moderately wounded.
Your attacks no longer feel as feeble.
* * * LOW HITPOINT WARNING * * *
You feel very sick.
The crimson imp blinks!
You block the crimson imp's attack. x2
Unknown command.
You sock the crimson imp!
Your weapon exudes an aura of protection.
The crimson imp is almost dead.
* * * LOW HITPOINT WARNING * * *
You feel sick.
The crimson imp hits you but does no damage.
You hit the crimson imp. Your bite misses the crimson imp.
The crimson imp is almost dead.
* * * LOW HITPOINT WARNING * * *
You feel sick.
The crimson imp hits you but does no damage.
You closely miss the crimson imp.
The crimson imp is almost dead.
* * * LOW HITPOINT WARNING * * *
You feel sick.
The crimson imp throws a stone.
The stone hits you but does no damage. You block the crimson imp's attack.
You miss the crimson imp.
The crimson imp is severely wounded.
You die...

#.......######.....[......#,*,*
#............§.....#.......,*,*
#.......#####..##....<....#**,*
#.......# #.........#.#..,,,*
##################.........,,,*
*,........#.#.#......#..,,,*
*,#.......#^#^#.........,,,*
*,*,****#.#...##(###....,,,*
*,*,* #.5@_))5.###....**,*
*,*,* ###..)####♣♣♣♣+♣****
*,*,* ##^#.###.+.....,,+, *,*,*
##.#.###.♣.♣...*,*, *,*,*
########.♣.♣._.*,** *,*,*
####.....♣.♣...*,*,
*,*,*****########.+.....,,+,
*,*,,,,,,,,,,,,,,,****+*****
*,***************,*,,*,,,,,,


You could see 2 crimson imps.

Vanquished Creatures
  5 phantoms
  A bullfrog (D:5)
  A scorpion (D:4)
  2 crimson imps (D:5)
  A human zombie (D:4)
  An orc priest (D:5)
  A bullfrog skeleton (D:4)
  A hound (D:3)
  Ijyb (D:3)
  2 orc wizards
  A scorpion zombie (D:4)
  A howler monkey zombie (D:4)
  Robin (D:2)
  5 adders
  2 adder skeletons (D:4)
  3 adder zombies (D:4)
  The ghost of DeathSocks the Sneak, a weakling VSDe (D:5)
  17 orcs
  3 ball pythons
  8 endoplasms
  2 giant cockroaches
  13 goblins
  10 hobgoblins
  4 jackals (D:3)
  4 quokkas
  5 bats
  5 frilled lizards
  6 kobolds
  6 rats
113 creatures vanquished.

Notes
Turn   | Place    | Note
-------+----------+-------------------------------------------
     0 | D:1      | 601d51SH the Gnoll Fighter began the quest for the Orb.
     0 | D:1      | Reached XP level 1. HP: 23/23 MP: 1/1
   129 | D:1      | Reached XP level 2. HP: 25/29 MP: 2/2
   242 | D:1      | Found Ratemiowibb's Distillery.
   249 | D:1      | Bought a potion of degeneration for 12 gold pieces
   519 | D:1      | Bought a potion of curing for 36 gold pieces
   519 | D:1      | Bought a potion of brilliance for 48 gold pieces
   615 | D:2      | Found Empio's Antique Armour Shop.
   625 | D:2      | Reached XP level 3. HP: 35/35 MP: 2/4
   641 | D:2      | Reached skill level 1 in Invocations
   691 | D:2      | Noticed Robin
   702 | D:2      | Killed Robin
   703 | D:2      | Reached skill level 1 in Short Blades
   703 | D:2      | Reached skill level 1 in Long Blades
   703 | D:2      | Reached skill level 1 in Maces & Flails
   703 | D:2      | Reached skill level 1 in Polearms
   703 | D:2      | Reached skill level 1 in Staves
   703 | D:2      | Reached skill level 1 in Ranged Weapons
   703 | D:2      | Reached skill level 1 in Throwing
   703 | D:2      | Reached skill level 1 in Dodging
   703 | D:2      | Reached skill level 1 in Stealth
   703 | D:2      | Reached skill level 1 in Unarmed Combat
   703 | D:2      | Reached skill level 1 in Spellcasting
   703 | D:2      | Reached skill level 1 in Evocations
   791 | D:2      | Reached skill level 1 in Shapeshifting
   791 | D:2      | Reached XP level 4. HP: 41/41 MP: 5/5
   930 | D:2      | Found a bloodstained altar of Trog.
  1189 | D:3      | Reached skill level 1 in Conjurations
  1189 | D:3      | Reached skill level 1 in Hexes
  1189 | D:3      | Reached skill level 1 in Summonings
  1189 | D:3      | Reached skill level 1 in Necromancy
  1189 | D:3      | Reached skill level 1 in Translocations
  1189 | D:3      | Reached skill level 1 in Fire Magic
  1189 | D:3      | Reached skill level 1 in Ice Magic
  1189 | D:3      | Reached skill level 1 in Air Magic
  1189 | D:3      | Reached skill level 1 in Earth Magic
  1189 | D:3      | Reached skill level 1 in Alchemy
  1207 | D:3      | Noticed Ijyb
  1214 | D:3      | Killed Ijyb
  1316 | D:3      | Reached XP level 5. HP: 47/47 MP: 7/7
  1579 | D:3      | Noticed a phantom
  1594 | D:3      | Killed a phantom
  1595 | D:3      | Reached skill level 5 in Axes
  1595 | D:3      | Reached XP level 6. HP: 49/53 MP: 8/8
  1817 | D:3      | Found a faded altar of an unknown god.
  2489 | D:4      | Found a sparkling altar of Nemelex Xobeh.
  2758 | D:4      | Reached XP level 7. HP: 44/60 MP: 10/10
  2762 | D:4      | Found an ancient bone altar of Kikubaaqudgha.
  3119 | D:4      | Found a glowing silver altar of Zin.
  3119 | D:4      | Noticed an angel
  3227 | D:5      | Entered Level 5 of the Dungeon
  3268 | D:5      | Reached XP level 8. HP: 64/67 MP: 12/12
  3292 | D:5      | Found a runed translucent gate.
  3292 | D:5      | Found a runed translucent gate.
  3292 | D:5      | Found a runed translucent gate.
  3292 | D:5      | Noticed DeathSocks's ghost (weakling VSDe)
  3309 | D:5      | Killed DeathSocks's ghost
  3364 | D:5      | Found a shimmering altar of Xom.
  3365 | D:5      | Found a bloodstained altar of Trog.
  3445 | D:5      | HP: 2/64 [poisoned by a crimson imp]
  3448 | D:5      | Succumbed to a crimson imp's poison

Illustrated notes

Levels and vault maps discovered:
D:1:      pf_arrival_petrified_forest, layout_rooms, serial_shops, shop
D:2:      layout_rooms, basic_altar, serial_shops, shop,
          minmay_misc_feat_nine_boxes, kennysheep_path_1,
          mrwooster_statue_mirror, uniq_robin
D:3:      wad_pebble_path, layout_basic, ebering_ecumenical_altar_abandoned,
          uniq_ijyb
D:4:      layout_loops_ring, zin_angel, amcnicky_altar_gilded,
          lemuel_mausoleum_altar_kikubaaqudgha
D:5:      layout_basic, mainiacjoe_overflow_six_doors_small, led_xom_imps,
          mainiacjoe_overflow_concentric_impassable, okawaru_ov_weapons_minmay,
          minmay_temple_entry_tees, serial_shops, shop,
          ebering_ghost_rock_garden

Skill      XL: |  1  2  3  4  5  6  7 |
---------------+----------------------+-----
Invocations    | 1 2 3 |  3.4
Short Blades   | 1 2 3 |  3.1
Long Blades    | 1 2 3 |  3.1
Maces & Flails | 1 2 3 |  3.1
Polearms       | 1 2 3 |  3.1
Staves         | 1 2 3 |  3.1
Ranged Weapons | 1 2 3 |  3.1
Throwing       | 1 2 3 |  3.1
Dodging        | 1 2 3 |  3.1
Stealth        | 1 2 3 |  3.1
Unarmed Combat | 1 2 3 |  3.1
Spellcasting   | 1 2 3 |  3.1
Evocations     | 1 2 3 |  3.1
Shapeshifting  | 1 2 |  2.8
Conjurations   | 1 2 |  2.5
Hexes          | 1 2 |  2.5
Summonings     | 1 2 |  2.5
Necromancy     | 1 2 |  2.5
Translocations | 1 2 |  2.5
Fire Magic     | 1 2 |  2.5
Ice Magic      | 1 2 |  2.5
Air Magic      | 1 2 |  2.5
Earth Magic    | 1 2 |  2.5
Alchemy        | 1 2 |  2.5
Axes           | 5 |  5.6
Fighting       | 7 |  7.3
Armour         | 7 |  7.3
Shields        | 7 |  7.3

Action                     |  1- 3 |  4- 6 |  7- 9 || total
---------------------------+-------+-------+-------++-------
  Melee: War axe           |    81 |    76 |       ||   157
         Bite              |     8 |    15 |    16 ||    39
         Flail             |       |   118 |   134 ||   252
    Use: Scroll            |       |       |     4 ||     4
   Stab: Sleeping          |       |       |     2 ||     2
 Armour: Scale mail        |    41 |       |       ||    41
         Ring mail         |    14 |   169 |   116 ||   299
  Dodge: Dodged            |    47 |   131 |    76 ||   254
  Block: Buckler           |    23 |    67 |    53 ||   143

Table legend: (Time is in decaauts)
 A = Elapsed time spent in this place.
 B = Non-inter-level travel time spent in this place.
 C = Inter-level travel time spent in this place.
 D = Time resting spent in this place.
 E = Time spent auto-exploring this place.
 F = Levels seen in this place.
 G = Mean time per level.
                   A        B        C        D        E       F      G
               +--------+--------+--------+--------+--------+-----+--------+
         Total |   3574 |   3258 |    316 |      0 |   2241 |   5 |  714.8 |
       Dungeon |   3574 |   3258 |    316 |      0 |   2241 |   5 |  714.8 |
               +--------+--------+--------+--------+--------+-----+--------+

Top non-repeatable levels by time:
     D:3: 1129 daAuts
     D:4: 994 daAuts
     D:2: 628 daAuts
     D:1: 578 daAuts
     D:5: 244 daAuts
